AoeStats
← NuMa | Jomaro

Lombardia

508970437Analyzed
4v4 RM · 9d ago on Sep 24, 2026· 33m 42s· 8 players
Game mode
Random Map
Map size
Large (8 player)
Population
200
Speed
Normal
Resources
Standard
Victory
Conquest
Starting age
Dark Age
Ending age
Imperial Age
RankedLock teamsTeams togetherTeam positionsShared explorationLock speedFull tech treeHidden civsTurbo modeCheats
Victory
Defeat
🇨🇴 Saracens · Colombia
1502
+13
🇨🇴 Magyars · Colombia
1437
+15
🇨🇴 Huns · Colombia
1416
+16
🇨🇴 Franks · Colombia
1302
+21
🇩🇪 Persians · Germany
1464
-18
🇦🇷 Hindustanis · Argentina
1444
-17
🇳🇴 Jurchens · Norway
1387
-15
🇲🇽 Italians · Mexico
1386
-15
NuMa | Jomaro
10:42 Feudal Age
13:03 Scale Barding Armor
13:09 Forging
20:43 Double-Bit Axe
21:26 Loom
22:33 Wheelbarrow
21:52 Gold Mining
26:17 Castle Age
27:20 Chain Barding Armor
27:36 Iron Casting
27:04 Husbandry
28:02 Gold Shaft Mining
31:14 Bow Saw
TILIN2.0
6:35 Loom
8:56 Feudal Age
9:37 Double-Bit Axe
19:05 Scale Barding Armor
19:23 Bloodlines
26:53 Castle Age
25:29 Gold Mining
25:21 Horse Collar
30:56 Imperial Age
29:16 Chain Barding Armor
29:33 Husbandry
30:56 Bow Saw
30:59 Cavalier
32:15 Plate Barding Armor
32:10 Paladin
NuMa | Maurofarfan01
6:02 Loom
8:56 Feudal Age
7:54 Loom
9:21 Double-Bit Axe
12:24 Fletching
22:04 Padded Archer Armor
25:02 Castle Age
25:41 Bodkin Arrow
25:09 Crossbowman
27:10 Coinage
28:04 Leather Archer Armor
27:37 Horse Collar
28:36 Wheelbarrow
28:14 Bow Saw
28:59 Gold Mining
30:32 Hand Cart
NuMa | Ezio
5:54 Loom
8:44 Feudal Age
15:20 Forging
20:36 Wheelbarrow
24:11 Castle Age
23:31 Bloodlines
23:27 Scale Barding Armor
23:47 Horse Collar
23:54 Double-Bit Axe
26:32 Husbandry
29:01 Coinage
31:42 Heavy Plow
31:38 Gold Mining
33:56 Gold Shaft Mining
33:36 Bow Saw
GRAN KHAN
3:29 Loom
11:33 Feudal Age
16:38 Castle Age
14:58 Stone Mining
14:57 Double-Bit Axe
15:50 Gold Mining
29:57 Wheelbarrow
31:59 Fletching
32:09 Padded Archer Armor
TrCL.MAN1AC
7:01 Loom
10:36 Feudal Age
14:29 Castle Age
13:07 Double-Bit Axe
13:34 Horse Collar
15:07 Scale Barding Armor
25:10 Wheelbarrow
24:53 Bow Saw
24:45 Heavy Plow
26:43 Chain Barding Armor
26:51 Husbandry
28:16 Bloodlines
30:31 Forging
31:11 Gold Mining
32:10 Hand Cart
33:09 Gold Shaft Mining
ManWithScarf
10:52 Feudal Age
11:10 Loom
11:26 Double-Bit Axe
16:11 Castle Age
15:36 Horse Collar
24:45 Padded Archer Armor
32:41 Bow Saw
32:39 Heavy Plow
33:31 Leather Archer Armor
33:14 Fletching
Ginger Ale
9:56 Feudal Age
10:30 Double-Bit Axe
11:11 Horse Collar
12:12 Loom
15:01 Forging
16:18 Wheelbarrow
21:02 Bloodlines
26:02 Scale Barding Armor
30:01 Castle Age
29:46 Gold Mining
30:42 Husbandry
30:04 Light Cavalry
31:02 Heavy Plow
31:13 Bow Saw
32:21 Stone Mining
33:08 Iron Casting
35:25 Imperial Age
Connection lost

Rejoining the realm…

Still unreachable

The connection could not be restored.

Session expired

The server has moved on; the page needs a fresh start.